 Dungeon Crawl Stone Soup version 0.27-a0-1116-g91b3acb402 (webtiles) character file.

Game seed: 16188144827500161625

6 Begoul the Firebug (level 1, 0/14 HPs)
             Began as a Hill Orc Fire Elementalist on May 1, 2021.
             Slain by a bat (1 damage)
             ... on level 2 of the Dungeon on July 24, 2021.
             The game lasted 00:02:56 (563 turns).

Begoul the Firebug (Hill Orc Fire Elementalist)      Turns: 563, Time: 00:02:57

Health: 0/14       AC:  2    Str: 10    XL:     1   Next: 90%
Magic:  2/3        EV: 12    Int: 15    God:
Gold:   11         SH:  0    Dex: 11    Spells: 2/3 levels left

rFire    . . .     SeeInvis .   (no weapon)
rCold    . . .     Faith    .   (no shield)
rNeg     . . .     Spirit   .   a - +0 robe
rPois    .         Reflect  .   (no helmet)
rElec    .         Harm     .   (no cloak)
rCorr    .         Rampage  .   (no gloves)
Will     .....                  (no boots)
Stlth    ++........             (no amulet)
HPRegen  0.04/turn              (no ring)
MPRegen  0.08/turn              (no ring)

@: no status effects
A: no striking features
a: no special abilities


You were on level 2 of the Dungeon.
You visited 1 branch of the dungeon, and saw 2 of its levels.

You collected 11 gold pieces.

Inventory:

Armour
 a - a +0 robe (worn)


   Skills:
 + Level 1.6 Dodging
 + Level 1.7 Stealth
 + Level 1.6 Spellcasting
 + Level 1.1 Conjurations
 + Level 3.3 Fire Magic


You had 2 spell levels left.
You knew the following spells:

 Your Spells              Type           Power      Damage    Failure   Level
a - Foxfire               Conj/Fire      32%        2x1d5     9%          1

Your spell library contained the following spells:

 Spells                   Type           Power      Damage    Failure   Level
 Conjure Flame            Conj/Fire      8%         6-21      26%         3
 Inner Flame              Hex/Fire       6%         N/A       34%         3
 Sticky Flame             Conj/Fire      8%         2d3       65%         4
 Fireball                 Conj/Fire      4%         3d4       94%         5


Dungeon Overview and Level Annotations

Branches:
Dungeon (2/15)

Altars:


Message History

You don't have enough magic to cast this spell.
The bat closely misses you.
Casting: Foxfire (safe; 9% risk of failure)
Confirm with . or Enter, or press ? or * to list all spells.
You don't have enough magic to cast this spell.
Casting: Foxfire (safe; 9% risk of failure)
Confirm with . or Enter, or press ? or * to list all spells.
You don't have enough magic to cast this spell.
You miss the bat. The bat hits you. The bat barely misses you.
The bat barely misses you. The bat closely misses you.
The bat hits you but does no damage.
Your magical contamination has completely faded away.
The bat misses you. The bat hits you but does no damage.
The endoplasm hits you but does no damage.
The bat hits you but does no damage. The bat closely misses you.
There is a stone staircase leading up here.
The bat hits you. The endoplasm hits you.
You climb upwards.
There is a stone staircase leading down here.
The endoplasm closely misses you.
You climb downwards.
The bat hits you.
There is a stone staircase leading up here.
The bat hits you but does no damage. The endoplasm freezes you.
You are frozen.
You climb upwards.
There is a stone staircase leading down here.
You can't go up here!
The bat hits you but does no damage. The endoplasm freezes you.
You are frozen.
* * * LOW HITPOINT WARNING * * *
You climb downwards.
There is a stone staircase leading up here.
You can't go down here!
The bat hits you.
You die...

### ####### ...
.....# #.# .....#
..# ##....# #.
#.###.....#
#..####.#......#
#.....J.....####
.###.##.@b.##.#
...........##.#
.###.#........######
#...............#
###.......#.###.#
#.......#.#
#............
#.......#.###
##.....##.#


You could see an endoplasm and a bat.

Vanquished Creatures
  A ball python (D:1)
  2 hobgoblins (D:1)
  A quokka (D:1)
  A rat (D:1)
5 creatures vanquished.

Vanquished Creatures (others)
  13 foxfires
13 creatures vanquished.

Grand Total: 18 creatures vanquished

Notes
Turn   | Place    | Note
-------+----------+-------------------------------------------
     0 | D:1      | Begoul the Hill Orc Fire Elementalist began the quest for
                  | the Orb.
     0 | D:1      | Reached XP level 1. HP: 14/14 MP: 3/3
   563 | D:2      | Slain by a bat

Illustrated notes

Levels and vault maps discovered:
D:1:      minmay_arrival_nine_rooms, layout_basic, serial_shops,
          nicolae_shop_stone
D:2:      layout_loops_cross, basic_altar

Action                   || total
-------------------------++-------
Melee: Unarmed           ||     7
 Cast: Foxfire           ||    10
Armor: Robe              ||    12
Dodge: Dodged            ||    17

Table legend: (Time is in decaauts)
 A = Elapsed time spent in this place.
 B = Non-inter-level travel time spent in this place.
 C = Inter-level travel time spent in this place.
 D = Time resting spent in this place.
 E = Time spent auto-exploring this place.
 F = Levels seen in this place.
 G = Mean time per level.
                   A        B        C        D        E       F      G
               +--------+--------+--------+--------+--------+-----+--------+
         Total |    565 |    565 |      0 |    100 |    245 |   2 |  282.5 |
       Dungeon |    565 |    565 |      0 |    100 |    245 |   2 |  282.5 |
               +--------+--------+--------+--------+--------+-----+--------+

Top non-repeatable levels by time:
     D:1: 532 daAuts
     D:2: 33 daAuts
